 Dungeon Crawl Stone Soup version 0.32-a0-42-ga30500b4d3 (webtiles) character file.

Game seed: 11372100017844100976

489 pokeman the Magician (level 6, -5/33 (35) HPs)
             Began as a Deep Elf Hedge Wizard on Jan 27, 2024.
             Killed by divine providence
             ... invoked by an orc priest
              (13 damage)
             ... on level 3 of the Dungeon.
             The game lasted 00:07:54 (3311 turns).

pokeman the Magician (Deep Elf Hedge Wizard)        Turns: 3311, Time: 00:07:55

HP:   -5/33 (35)    AC:  7    Str:  7    XL:     6   Next: 90%
MP:   1/18          EV: 13    Int: 21    God:
Gold: 206           SH:  0    Dex: 14    Spells: 12/20 levels left

rFire   . . .        B - +9 trident "Cobleu" {freeze, rN+}
rCold   . . .        (no shield)
rNeg    + . .        b - +0 robe
rPois   .            c - +0 hat
rElec   .            (no cloak)
rCorr   .            l - +0 pair of gloves
SInv    .            (no boots)
Will    .....        w - amulet of regeneration
Stlth   ++           e - +4 ring of slaying
HPRegen 1.05/turn    j - +4 ring of protection
MPRegen 0.16/turn

%: no passive effects
@: very slightly contaminated, drained
A: no striking features
a: no special abilities


You were on level 3 of the Dungeon.
You visited 1 branch of the dungeon, and saw 4 of its levels.

You collected 206 gold pieces.

Inventory:

Hand Weapons
 p - a +3 hand axe of electrocution
 B - the +9 trident "Cobleu" (weapon) {freeze, rN+}
   (You found it on level 3 of the Dungeon)

   rN+:       It protects you from negative energy.
Armour
 b - a +0 robe (worn)
 c - a +0 hat (worn)
 l - a +0 pair of gloves (worn)
 q - a +3 ring mail of fire resistance
Jewellery
 e - a +4 ring of slaying (left hand)
 j - a +4 ring of protection (right hand)
 n - a +6 ring of intelligence
 w - an amulet of regeneration (around neck)
 C - a ring of resist corrosion
Wands
 r - a wand of polymorph (13)
 D - a wand of flame (11)
Scrolls
 a - 2 scrolls of enchant armour {unknown}
 f - 2 scrolls of teleportation {unknown}
 g - a scroll of fog {unknown}
 i - a scroll of silence {unknown}
 k - 2 scrolls of vulnerability {unknown}
 t - a scroll of immolation {unknown}
 u - a scroll of amnesia {unknown}
 v - a scroll of fear {unknown}
 y - 3 scrolls of identify {unknown}
 E - a scroll of blinking {unknown}
 F - a scroll of poison {unknown}
Potions
 d - a potion of magic
 h - a potion of lignification {unknown}
 m - 4 potions of heal wounds {unknown}
 o - 3 potions of curing {unknown}
 s - a potion of attraction {unknown}
 x - 2 potions of resistance {unknown}
 z - 2 potions of haste {unknown}
 A - 2 potions of ambrosia {unknown}


   Skills:
 + Level 1.8 Fighting
 - Level 1.0 Armour
 - Level 3.0 Dodging
 - Level 3.0 Stealth
 * Level 7.6 Spellcasting
 + Level 3.7 Conjurations
 - Level 1.1 Summonings
 - Level 1.1 Translocations
 - Level 1.0 Air Magic
 - Level 1.0 Alchemy
 - Level 1.0 Evocations


You had 12 spell levels left.
You knew the following spells:

 Your Spells              Type           Power      Damage    Failure   Level
a - Magic Dart            Conj           92%        1d7       1%          1
b - Mephitic Cloud        Conj/Alch/Air  16%        N/A       11%         3
c - Call Imp              Summ           24%        N/A       8%          2
d - Blink                 Tloc           24%        N/A       8%          2

Your spell library contained the following spells:

 Spells                   Type           Power      Damage    Failure   Level
 Necrotise                Necr           28%        1d5       9%          1
 Slow                     Hex            28%        N/A       9%          1
 Cigotuvi's Dreadful Rot  Necr/Alch/Air  20%        N/A       10%         2
 Ensorcelled Hibernation  Hex/Ice        14%        N/A       13%         2
 Gell's Gravitas          Tloc           12%        N/A       16%         3
 Swiftness                Air            12%        N/A       16%         3
 Teleport Other           Tloc           12%        N/A       16%         3
 Passwall                 Erth           7%         N/A       26%         3
 Vampiric Draining        Necr           7%         2d6       26%         3
 Martyr's Knell           Necr/Summ      10%        N/A       54%         4
 Curse of Agony           Necr           7%         N/A       93%         5
 Dispersal                Tloc           6%         N/A       100%        6


Dungeon Overview and Level Annotations

Branches:
Dungeon (4/15)
 Temple: D:4-7

Altars:


Message History

You closely miss the orc priest.
The orc priest is severely wounded.
The orc hits you with a +0 war axe. The orc priest hits you with a +0 whip.
The orc hits you but does no damage. You partially resist.
The orc hits you with a +0 war axe. The orc priest hits you with a +0 whip.
The orc barely misses you.
Casting: Magic Dart (safe; 1% risk of failure)
Confirm with . or Enter, or press ? or * to list all spells.
Aiming: Mephitic Cloud (quite dangerous; 11% risk of failure)
Press: ? - help, Shift-Dir - straight line, f/p - orc priest
Aim: an orc priest, wielding a +0 whip and wearing a +0 ring mail (severely wounded, chance to affect: 86%)
You miscast Mephitic Cloud.
You are very lightly contaminated with residual magic.
Nothing appears to happen.
The orc closely misses you.
The orc priest mumbles some strange prayers to Beogh against you.
Beogh smites you!
* * * LOW HITPOINT WARNING * * *
The orc hits you but does no damage. You partially resist.
Unknown command.
The orc barely misses you.
Reach: B) +9 trident "Cobleu" {freeze, rN+}
Press: ? - help, Dir - move target, f/p - orc priest
Aim: an orc priest, wielding a +0 whip and wearing a +0 ring mail (severely wounded, about 27% to evade the +9 trident "Cobleu")
The orc is in the way.
You puncture the orc! You freeze the orc.
You kill the orc!
The orc hits you with a +1 whip of draining.
* * * LOW HITPOINT WARNING * * *
You partially resist.
You feel drained.
The orc priest looks encouraged for a moment.
The orc attacks as it pursues you! The orc closely misses you.
Casting: Mephitic Cloud (quite dangerous; 11% risk of failure)
Confirm with . or Enter, or press ? or * to list all spells.
Aiming: Magic Dart (safe; 1% risk of failure)
Press: ? - help, Shift-Dir - straight line, f/p - orc priest
Aim: an orc priest, wielding a +0 whip and wearing a +0 ring mail (severely wounded, 100% to hit)
The magic dart hits the orc!
You kill the orc!
The orc priest calls down the wrath of Beogh upon you.
Beogh smites you!
You die...

#............)....
#.################
#.# #.. #.# #.# #.#
#.#
#.##############.#
#.#..............#
#.#.############.#
#@#.# ##.# #)..###
#..#
########o....#####
#..#
#.........##.....###
#..#
#..................#
#..#
#...).....#######>)#
#..#
#..................#
#..#
#..........#####...#
#..#
########.#.....#...#
##'#


You could see an orc priest.

Vanquished Creatures
  Grinder (D:3)
  A scorpion (D:3)
  A jelly (D:3)
  Terence (D:2)
  Ijyb (D:3)
  7 adders
  3 dart slugs
  A ribbon worm (D:2)
  5 orcs
  6 endoplasms
  A giant cockroach (D:1)
  6 goblins
  5 hobgoblins
  6 jackals
  10 kobolds
  4 quokkas
  4 ball pythons
  8 bats
  6 frilled lizards
  5 rats
82 creatures vanquished.

Vanquished Creatures (collateral kills)
  A jackal (D:2)
  A goblin (D:2)
2 creatures vanquished.

Grand Total: 84 creatures vanquished

Notes
Turn   | Place    | Note
-------+----------+-------------------------------------------
     0 | D:1      | pokeman the Deep Elf Hedge Wizard began the quest for the
                  | Orb.
     0 | D:1      | Reached XP level 1. HP: 10/10 MP: 7/7
   332 | D:1      | Reached XP level 2. HP: 10/16 MP: 0/9
   892 | D:1      | Reached skill level 5 in Spellcasting
  1082 | D:1      | Reached XP level 3. HP: 20/20 MP: 8/11
  1086 | D:1      | Learned a level 3 spell: Mephitic Cloud
  1089 | D:1      | Learned a level 2 spell: Call Imp
  1092 | D:1      | Learned a level 2 spell: Blink
  1335 | D:2      | Noticed Terence
  1362 | D:2      | Reached skill level 1 in Fighting
  1362 | D:2      | Reached skill level 1 in Armour
  1493 | D:2      | Killed Terence
  1494 | D:2      | Reached XP level 4. HP: 11/25 MP: 2/13
  2035 | D:3      | Reached XP level 5. HP: 29/29 MP: 11/15
  2037 | D:3      | Reached skill level 6 in Spellcasting
  2443 | D:3      | Identified the +9 trident "Cobleu" {freeze, rN+}
  2459 | D:3      | Reached skill level 1 in Evocations
  2586 | D:3      | Noticed Ijyb
  2597 | D:3      | Killed Ijyb
  2598 | D:3      | Reached skill level 1 in Air Magic
  2598 | D:3      | Reached skill level 1 in Alchemy
  2925 | D:3      | Noticed Grinder
  2926 | D:3      | Paralysed by Grinder for 5 turns
  2941 | D:3      | Killed Grinder
  2942 | D:3      | Reached skill level 7 in Spellcasting
  2942 | D:3      | Reached XP level 6. HP: 35/35 MP: 11/18
  3311 | D:3      | Killed from afar by an orc priest

Illustrated notes

Levels and vault maps discovered:
D:1:      ncdulo_smallfort, layout_loops_ring
D:2:      layout_rooms, minmay_fractal_squares_5, uniq_terence
D:3:      layout_basic, serial_curves, eino_curves_04, eino_curves_01,
          eino_curves_03, nrook_campfire, grunt_ministairs_15, feat_on_display,
          uniq_ijyb, uniq_grinder
D:4:      layout_cave_pods, serial_shops, shop

Skill      XL: |  1  2  3  4  5 |
---------------+----------------+-----
Spellcasting   | 5 7 |  7.6
Fighting       | 1 |  1.8
Armour         | 1 |  1.0
Conjurations   | 2 3 |  3.7
Stealth        | 3 |  3.0
Dodging        | 3 |  3.0
Evocations     | 1 |  1.0
Air Magic      | 1 |  1.0
Alchemy        | 1 |  1.0
Summonings     | |  1.1
Translocations | |  1.1

Action                     |  1- 3 |  4- 6 || total
---------------------------+-------+-------++-------
  Melee: Dagger            |    14 |       ||    14
         Unarmed           |    16 |       ||    16
         Short sword       |    15 |    14 ||    29
         Hand axe          |       |    11 ||    11
         Trident           |       |    20 ||    20
   Cast: Magic Dart        |    73 |    93 ||   166
         Mephitic Cloud    |     1 |     3 ||     4
         Call Imp          |       |     2 ||     2
   Stab: Confused          |     2 |     1 ||     3
         Sleeping          |     1 |     1 ||     2
 Armour: Robe              |    25 |    40 ||    65
         Skin              |     8 |       ||     8
  Dodge: Dodged            |    56 |    41 ||    97

Table legend: (Time is in decaauts)
 A = Elapsed time spent in this place.
 B = Non-inter-level travel time spent in this place.
 C = Inter-level travel time spent in this place.
 D = Time resting spent in this place.
 E = Time spent auto-exploring this place.
 F = Levels seen in this place.
 G = Mean time per level.
                   A        B        C        D        E       F      G
               +--------+--------+--------+--------+--------+-----+--------+
         Total |   3317 |   3224 |     93 |     53 |   2682 |   4 |  829.2 |
       Dungeon |   3317 |   3224 |     93 |     53 |   2682 |   4 |  829.2 |
               +--------+--------+--------+--------+--------+-----+--------+

Top non-repeatable levels by time:
     D:1: 1363 daAuts
     D:3: 1222 daAuts
     D:2: 666 daAuts
     D:4: 65 daAuts
